 Dungeon Crawl Stone Soup version 0.29-a0-834-g1e95ca9f62 (webtiles) character file.

Game seed: 12699327324700970870

345 blackman the Insei (level 6, 0/47 HPs)
             Began as a Human Monk on July 12, 2022.
             Slain by an orc
             ... wielding a +0 club
              (1 damage)
             ... on level 5 of the Dungeon.
             The game lasted 00:08:06 (4567 turns).

blackman the Insei (Human Monk)                     Turns: 4567, Time: 00:08:06

Health: 0/47       AC:  9    Str: 13    XL:     6   Next: 90%
Magic:  6/6        EV:  6    Int: 11    God:
Gold:   178        SH:  0    Dex: 15    Spells: 5/5 levels left

rFire   . . .      SeeInvis .     - Unarmed
rCold   . . .      Faith    .   i - orb {light}
rNeg    . . .      Spirit   .   e - +0 chain mail
rPois   .          Reflect  .   (no helmet)
rElec   .          Harm     .   (no cloak)
rCorr   .          Rampage  .   p - +0 pair of gloves
Will    .....                   (no boots)
Stlth   ..........              (no amulet)
HPRegen 0.15/turn               (no ring)
MPRegen 0.10/turn               (no ring)

@: marked, glowing
A: no striking features
a: no special abilities


You were on level 5 of the Dungeon.
You visited 1 branch of the dungeon, and saw 5 of its levels.

You collected 178 gold pieces.

Inventory:

Hand Weapons
 m - the +6 dagger of the Enchanted Forest {speed, Drain rPois Will+ Str+4}
   (You found it on level 2 of the Dungeon)

   Attacks with this weapon are significantly faster.
   Str:       It affects your strength (+4).
   rPois:     It protects you from poison.
   Drain:     It drains your maximum health when unequipped.
   Will:      It increases your willpower.
 o - a +0 whip of venom
Armour
 a - a +0 robe
 e - a +0 chain mail (worn)
 i - an orb of light (worn)
 p - a +0 pair of gloves (worn)
Scrolls
 c - a scroll of vulnerability
 f - a scroll of teleportation
 g - 2 scrolls of amnesia
 q - a scroll of torment
 s - a scroll of immolation
Potions
 d - 2 potions of lignification {unknown}
 j - a potion of curing
 k - 2 potions of berserk rage {unknown}
 l - 2 potions of attraction {unknown}
 r - a potion of cancellation {unknown}


   Skills:
 - Level 3.0 Fighting
 - Level 3.0 Dodging
 - Level 2.0 Stealth
 + Level 7.2 Unarmed Combat


You had 5 spell levels left.
You didn't know any spells.
Your spell library contained the following spells:

 Spells                   Type           Power      Damage    Failure   Level
 Sting                    Tmut/Pois      0%         1d3       100%        1
 Poisonous Vapours        Pois/Air       0%         N/A       100%        2
 Olgreb's Toxic Radiance  Pois           0%         N/A       100%        4
 Fireball                 Conj/Fire      0%         3d3       100%        5
 Iskenderun's Battlesphe  Conj           0%         2d6       100%        5
 Conjure Ball Lightning   Conj/Air       0%         3x3d6     100%        6
 Orb of Destruction       Conj           0%         9d5       100%        7


Dungeon Overview and Level Annotations

Branches:
Dungeon (5/15)
 Temple: D:4-7

Altars:
Ashenzari
Dithmenos
Okawaru
Ru
Zin

Shops:
D:2 ?

Annotations:
D:2 Jessica
D:4 Dowan, Duvessa, Ijyb, Natasha, Pikel


Message History

You hit the scorpion.
The scorpion is almost dead.
You feel sick. The scorpion barely misses you.
You hit the scorpion.
You kill the scorpion!
You feel sick. The hound bites you.
Your Unarmed Combat skill increases to level 7!
Unknown command.
As you read the scroll of teleportation, it crumbles to dust.
You feel strangely unstable.
You feel sick. The hound bites you.
* * * LOW HITPOINT WARNING * * *
The hound closely misses you.
You feel sick.
You see here a scorpion corpse.
The hound attacks as you move away! The hound bites you.
* * * LOW HITPOINT WARNING * * *
An orc comes into view. It is wielding a +0 mace.
You feel sick. The hound completely misses you.
The orc hits you with a +0 hand axe.
* * * LOW HITPOINT WARNING * * *
You are confused.
You feel invigorated.
Your surroundings suddenly seem different.
A centaur, an orc wizard and 2 orcs come into view.
Found a stone staircase leading up.
You feel sick.
The centaur shouts!
The orc shouts!
The orc wizard shouts!
The orc shouts!
The centaur wields a +0 shortbow.
The centaur shoots an arrow.
The arrow hits you.
* * * LOW HITPOINT WARNING * * *
You are too confused!
Unknown command.
It was a potion of curing.
You feel better.
You feel less invigorated.
As you read the scroll of fog, it crumbles to dust.
The scroll dissolves into smoke.
The centaur shoots an arrow.
The arrow hits you.
* * * LOW HITPOINT WARNING * * *
The centaur shoots an arrow.
The arrow hits you!
* * * LOW HITPOINT WARNING * * *
The orc hits you with a +0 club.
You die...

..............
................
................
................
................
......oc.......#
.....§o§§..<..#
.....§§o@....#
#..§§§§###..#
########


You could see a centaur, an orc wizard and 2 orcs.

Vanquished Creatures
  A scorpion (D:5)
  2 orc priests (D:5)
  2 hounds (D:5)
  3 gnolls (D:3)
  6 adders
  2 dart slugs
  8 orcs
  4 endoplasms
  2 giant cockroaches (D:1)
  7 hobgoblins
  8 jackals
  9 kobolds
  A quokka (D:2)
  3 ball pythons
  10 bats
  3 frilled lizards
  4 goblins
  A rat (D:1)
76 creatures vanquished.

Notes
Turn   | Place    | Note
-------+----------+-------------------------------------------
     0 | D:1      | blackman the Human Monk began the quest for the Orb.
     0 | D:1      | Reached XP level 1. HP: 18/18 MP: 1/1
    58 | D:1      | Reached XP level 2. HP: 20/24 MP: 2/2
   997 | D:1      | Reached skill level 4 in Unarmed Combat
   997 | D:1      | Reached XP level 3. HP: 25/29 MP: 3/3
  1960 | D:2      | Noticed Jessica
  1965 | D:2      | Found a faded altar of an unknown god.
  1975 | D:2      | Reached XP level 4. HP: 28/35 MP: 4/4
  2421 | D:2      | Identified the +6 dagger of the Enchanted Forest {speed,
                  | Drain rPois Will+ Str+4}
  2458 | D:2      | Found Worin's Magic Scroll Emporium.
  2854 | D:3      | Found a broken altar of Ashenzari.
  2938 | D:3      | Reached skill level 5 in Unarmed Combat
  2954 | D:3      | Found a glowing silver altar of Zin.
  3037 | D:3      | Reached XP level 5. HP: 14/41 MP: 5/5
  3216 | D:3      | Found a shadowy altar of Dithmenos.
  3356 | D:4      | Noticed Natasha
  3356 | D:4      | Noticed Pikel
  3356 | D:4      | Noticed a lemure
  3356 | D:4      | Noticed a lemure
  3356 | D:4      | Noticed a lemure
  3410 | D:3      | Found an iron altar of Okawaru.
  3648 | D:4      | Noticed Dowan
  3649 | D:4      | Noticed Duvessa
  3655 | D:4      | Noticed Ijyb
  3658 | D:5      | Entered Level 5 of the Dungeon
  3886 | D:5      | Reached skill level 6 in Unarmed Combat
  3942 | D:5      | Reached XP level 6. HP: 46/47 MP: 6/6
  3964 | D:5      | Found a sacrificial altar of Ru.
  4561 | D:5      | Reached skill level 7 in Unarmed Combat
  4567 | D:5      | HP: 1/47 [centaur/arrow (11)]
  4567 | D:5      | Slain by an orc

Illustrated notes

Levels and vault maps discovered:
D:1:      dpeg_arrival_radiant, layout_basic
D:2:      minmay_general_purpose_star, layout_basic, serial_shops,
          nicolae_shop_window_shopping, hellmonk_ecumenical_altar_arch_garden,
          uniq_jessica
D:3:      layout_basic, cheibrodos_ashenzari_chains, general_overflow_altar,
          okawaru_altar_gauntlet_db, overflow_temple_1_default
D:4:      layout_basic, minmay_temple_entry_mini_moons, uniq_duvessa,
          uniq_menkaure, uniq_ijyb, uniq_natasha, uniq_pikel
D:5:      layout_cave_pods, nicolae_sif_muna_little_library,
          nicolae_ru_awakened_eye

Skill      XL: |  1  2  3  4  5  6 |
---------------+-------------------+-----
Unarmed Combat | 4 5 6 7 |  7.2
Fighting       | |  3.0
Dodging        | |  3.0
Stealth        | |  2.0

Action                   |  1- 3 |  4- 6 || total
-------------------------+-------+-------++-------
Melee: Unarmed           |   137 |   150 ||   287
       Punch             |     4 |       ||     4
Throw: Javelin           |       |     6 ||     6
  Use: Scroll            |     2 |     6 ||     8
       Potion            |       |     3 ||     3
 Stab: Sleeping          |     2 |       ||     2
Armor: Robe              |    13 |       ||    13
       Chain mail        |    59 |   128 ||   187
Dodge: Dodged            |    63 |    68 ||   131

Table legend: (Time is in decaauts)
 A = Elapsed time spent in this place.
 B = Non-inter-level travel time spent in this place.
 C = Inter-level travel time spent in this place.
 D = Time resting spent in this place.
 E = Time spent auto-exploring this place.
 F = Levels seen in this place.
 G = Mean time per level.
                   A        B        C        D        E       F      G
               +--------+--------+--------+--------+--------+-----+--------+
         Total |   4542 |   4360 |    182 |   1519 |   2244 |   5 |  908.4 |
       Dungeon |   4542 |   4360 |    182 |   1519 |   2244 |   5 |  908.4 |
               +--------+--------+--------+--------+--------+-----+--------+

Top non-repeatable levels by time:
     D:1: 1463 daAuts
     D:2: 1370 daAuts
     D:5: 904 daAuts
     D:3: 774 daAuts
     D:4: 30 daAuts
